 Dungeon Crawl Stone Soup version 0.19-a0-559-ga3d69d0 (webtiles) character file.

1677 pk666 the Fighter (level 8, -7/79 HPs)
             Began as a Minotaur Berserker on June 9, 2016.
             Was an Elder of Trog.
             Mangled by a hill giant
             ... wielding a +0 giant club
              (15 damage)
             ... on level 5 of the Dungeon.
             The game lasted 00:19:41 (5995 turns).

pk666 the Fighter (Minotaur Berserker)              Turns: 5995, Time: 00:19:42

Health: -7/79      AC: 10    Str: 26    XL:     8   Next: 70%
Magic:  7/7        EV: 11    Int:  4    God:    Trog [****..]
Gold:   238        SH:  0    Dex: 11    Spells: 0 memorised, 7 levels left

rFire  . . .     SeeInvis .     C - +0 war axe
rCold  . . .     Gourm    .     K - +0 scale mail
rNeg   . . .     Faith    .     (no shield)
rPois  +         Spirit   .     (helmet restricted)
rElec  .         Dismiss  .     f - +0 cloak
rCorr  .         Reflect  .     m - +2 pair of gloves
SustAt .         Harm     .     (no boots)
MR     .....                    (no amulet)
Stlth  ..........               r - ring of poison resistance
                                e - +3 ring of strength

@: not resistant to hostile enchantments, extremely unstealthy
A: retaliatory headbutt, horns 2
a: Berserk, Trog's Hand, Brothers in Arms, Burn Spellbooks, Renounce Religion


You were on level 5 of the Dungeon.
You worshipped Trog.
Trog was greatly pleased with you.
You were very hungry.

You visited 2 branches of the dungeon, and saw 7 of its levels.
You also visited: Ossuary.

You collected 238 gold pieces.

Inventory:

Hand Weapons
 a - a +0 hand axe
 C - a +0 war axe (weapon)
Missiles
 D - 5 silver tomahawks (quivered)
Armour
 f - a +0 cloak (worn)
 m - a +2 pair of gloves (worn)
 t - a +0 ring mail
 K - a +0 scale mail (worn)
Jewellery
 e - a +3 ring of strength (left hand)
 r - a ring of poison resistance (right hand)
 F - a +2 ring of protection {unknown}
Wands
 q - a wand of flame (22/48)
 G - a wand of slowing (8/48)
Scrolls
 d - a scroll of random uselessness {unknown}
 g - 2 scrolls of remove curse
 j - 2 scrolls of noise {unknown}
 k - 6 scrolls of identify {unknown}
 l - 2 scrolls of magic mapping {unknown}
 n - a scroll of enchant armour {unknown}
 v - a scroll of teleportation {unknown}
 x - a scroll of fear {unknown}
 y - 4 scrolls of enchant weapon {unknown}
 E - a scroll of summoning {unknown}
 H - a scroll of holy word {unknown}
 I - a scroll of amnesia {unknown}
 J - a scroll of blinking {unknown}
Potions
 b - a potion of flight {unknown}
 h - a potion of cancellation {unknown}
 o - 4 potions of heal wounds {unknown}
 p - a potion of magic {unknown}
 s - 2 potions of mutation {unknown}
 u - 2 potions of invisibility {unknown}
 w - a potion of ambrosia {unknown}
 z - 3 potions of agility {unknown}
 A - 2 potions of lignification {unknown}
 B - 5 potions of curing {unknown}
Comestibles
 c - 2 bread rations
 i - 6 meat rations


   Skills:
 + Level 10.0 Fighting
 + Level 10.0 Axes
 - Level 2.5 Armour
 - Level 2.3 Dodging
 - Level 0.1 Stealth


You had 7 spell levels left.
You didn't know any spells.

Dungeon Overview and Level Annotations

Branches:
Dungeon (6/15)             Temple (1/1) D:5

Altars:
Ashenzari
Cheibriados
Dithmenos
Elyvilon
Fedhas
Hepliaklqana
Kikubaaqudgha
Makhleb
Nemelex Xobeh
Okawaru
Qazlal
Ru
Sif Muna
Trog
Uskayaw
Xom
Yredelemnul
The Shining One

Shops:
D:5 }


Innate Abilities, Weirdness & Mutations

You reflexively headbutt those who attack you in melee.
You have a pair of horns on your head.


Message History

You hear a shout!
You're too hungry to go berserk.
You see here a hand axe.
The orc throws a poisoned tomahawk.
The poisoned tomahawk hits you but does no damage.
You see here a poisoned tomahawk.
The orc throws a poisoned tomahawk.
The poisoned tomahawk barely misses you.
You see here a poisoned tomahawk.
There is a stone staircase leading up here.
The hill giant hits you with a giant club!!
* * * LOW HITPOINT WARNING * * *
You climb upwards.
There is a stone staircase leading down here.
You slash the hill giant!
The hill giant is lightly wounded.
You slash the hill giant!
The hill giant is moderately wounded.
The hill giant hits you with a giant club!
You die...

##.....##....>#####...### #
##########...........# #
#..#######..## ## ####.###
#.## #. #......# ##.# ##.
##.#...## #..# #.. #.....##
#.## ##.#
#.#...#######.#####..#
#########....@C.....#.#.....##
#..........######.......######
#.......#.## #.............
#.......#.# #.....########
#.........# #.....#
#........## #.....# #.......##
#.....# #.......# #.....#
#.......# #.....#


You could see a hill giant.

Vanquished Creatures
  The ghost of Statics the Skirmisher, an amateur FoFi (D:4)
  An ice beast (D:5)
  A sky beast (D:4)
  4 ogres
  Blork the orc (D:5)
  A water moccasin zombie (D:5)
  2 hounds (D:4)
  4 orc wizards
  A centaur skeleton (D:5)
  A giant frog skeleton (D:4)
  Jessica (D:2)
  2 iguanas
  5 worker ants
  4 big kobold zombies (Ossuary)
  2 mummies
  Robin (D:3)
  5 adders
  4 gnolls
  A shadow imp (D:5)
  2 oozes
  4 worms
  6 dart slugs
  4 giant geckos
  11 orcs
  A spectral bat (Ossuary)
  5 bats
  7 giant cockroaches
  8 gnoll zombies (Ossuary)
  18 goblins
  16 hobgoblins
  4 jackals
  10 kobolds
  2 quokkas
  2 ball pythons
  2 bat simulacra (Ossuary)
  A giant gecko skeleton (D:4)
  7 giant newts
  A goblin simulacrum (Ossuary)
  A goblin zombie (Ossuary)
  3 hobgoblin zombies (Ossuary)
  5 kobold simulacra (Ossuary)
  8 kobold zombies (Ossuary)
  5 orc zombies (Ossuary)
  A quokka skeleton (D:6)
  6 rats
  2 rat simulacra (Ossuary)
  2 spectral goblins (Ossuary)
  2 spectral kobolds (Ossuary)
  6 spectral rats (Ossuary)
194 creatures vanquished.

Vanquished Creatures (others)
  A hobgoblin zombie (Ossuary)
1 creature vanquished.

Grand Total: 195 creatures vanquished

Notes
Turn   | Place    | Note
--------------------------------------------------------------
     0 | D:1      | pk666 the Minotaur Berserker began the quest for the Orb.
     0 | D:1      | Reached XP level 1. HP: 19/19 MP: 0/0
   106 | D:1      | Reached XP level 2. HP: 20/27 MP: 1/1
   454 | D:1      | Reached XP level 3. HP: 25/34 MP: 2/2
   657 | D:1      | Reached ** piety under Trog
   729 | D:1      | Reached skill level 5 in Fighting
   729 | D:1      | Reached XP level 4. HP: 18/42 MP: 3/3
  1444 | D:2      | Noticed Jessica
  1445 | D:2      | Reached skill level 5 in Axes
  1483 | D:2      | Killed Jessica
  1483 | D:2      | Reached XP level 5. HP: 8/48 MP: 4/4
  2062 | D:2      | Reached *** piety under Trog
  2519 | D:3      | Noticed Robin
  2526 | D:3      | Killed Robin
  2736 | D:3      | Found a bloodstained altar of Trog.
  2739 | D:3      | Found a blossoming altar of Fedhas.
  2784 | D:3      | Found a white marble altar of Elyvilon.
  3129 | D:3      | Found a glowing golden altar of the Shining One.
  3302 | D:3      | Reached XP level 6. HP: 55/57 MP: 5/5
  3485 | D:4      | Noticed a sky beast
  3581 | D:4      | Noticed Statics's ghost (amateur FoFi)
  3598 | D:4      | Killed Statics's ghost
  3708 | D:4      | Reached XP level 7. HP: 57/66 MP: 6/6
  3901 | D:4      | Reached **** piety under Trog
  3960 | D:4      | Found a hazy altar of Hepliaklqana.
  4048 | D:4      | Found a shimmering altar of Xom.
  4123 | D:4      | Reached XP level 8. HP: 75/75 MP: 7/7
  4433 | D:5      | Entered Level 5 of the Dungeon
  4459 | D:5      | Found a staircase to the Ecumenical Temple.
  4465 | Temple   | Entered the Ecumenical Temple
  4650 | D:5      | Noticed Blork the orc
  4663 | D:5      | Killed Blork the orc
  4831 | D:5      | Found Quhumate's Gadget Shoppe.
  5468 | D:6      | Found a sand-covered staircase.
  5477 | Ossuary  | Entered an ossuary
  5653 | Ossuary  | Reached skill level 10 in Axes
  5797 | Ossuary  | Reached skill level 10 in Fighting
  5921 | D:6      | Noticed a hill giant
  5965 | D:6      | HP: 1/79 [hill giant/giant club (27)]
  5995 | D:5      | Mangled by a hill giant

Vault maps used:
D:1:      lightli_iron_boxes
D:2:      first_bread, uniq_jessica
D:3:      lemuel_crystal_altar, lemuel_coloured_pillars_altar,
          overflow_temple_1_default, bloody_trog, st_stairs_14, uniq_robin
D:4:      kennysheep_mini_moat, serial_park_tiny_1, tgw_xom
D:5:      minmay_temple_entry_enclosed_plants, serial_shops,
          nicolae_shop_window_shopping, uniq_blork_the_orc
D:6:      grunt_temple_overflow_order_and_chaos_1, gup_ossuary_entry_pyramid,
          minmay_misc_feat_roman
Temple:   circular_temple_12
Ossuary:  ossuary_zaba_two_paths

Skill      XL: |  1  2  3  4  5  6  7  8 |
---------------+-------------------------+-----
Axes           | 4 5 6 7 8 10 | 10.0
Fighting       | 4 5 6 7 8 10 | 10.0
Armour         | |  2.5
Dodging        | |  2.3
Stealth        | |  0.1

Action                   |  1- 3 |  4- 6 |  7- 9 || total
-------------------------+-------+-------+-------++-------
Melee: Hand axe          |    39 |   165 |   128 ||   332
       Headbutt          |     7 |    34 |    52 ||    93
       War axe           |       |       |    99 ||    99
Invok: Berserk           |       |     3 |     1 ||     4
  Use: Scroll            |       |       |     1 ||     1
  Eat: Chunk             |       |    10 |     3 ||    13
       Bread ration      |       |     1 |       ||     1
       Fruit             |       |       |     2 ||     2
Armor: Animal skin       |     5 |    14 |       ||    19
       Ring mail         |       |    36 |    55 ||    91
       Scale mail        |       |       |     1 ||     1
Dodge: Dodged            |    24 |    85 |    78 ||   187
